 Dungeon Crawl Stone Soup version 0.30-a0-965-g42e074c17a (webtiles) character file.

Game seed: 34330066227132875

52 IdlyInterested the Slasher (level 3, 0/28 HPs)
             Began as a Demonspawn Gladiator on Mar 30, 2023.
             Slain by a gnoll
             ... wielding a +0 whip
              (6 damage)
             ... on level 2 of the Dungeon.
             The game lasted 00:03:48 (1244 turns).

IdlyInterested the Slasher (Demonspawn Gladiator)   Turns: 1244, Time: 00:03:49

Health: 0/28       AC:  6    Str: 14    XL:     3   Next: 60%
Magic:  3/3        EV: 12    Int:  9    God:
Gold:   92         SH:  0    Dex: 16    Spells: 2/2 levels left

rFire   . . .      SeeInvis +    a - +0 long sword
rCold   . . .      Faith    .    k - +0 buckler
rNeg    . . .      Spirit   .    b - +0 leather armour
rPois   .          Reflect  .    c - +0 helmet
rElec   .          Rampage  .    (no cloak)
rCorr   .                        (no gloves)
Will    .....                    (no boots)
Stlth   +                        (no amulet)
HPRegen 0.24/turn                l - ring of see invisible
MPRegen 0.08/turn                (no ring)

@: confused, ambrosia-drunk
A: slimy green scales 1, ignite blood 1
a: no special abilities


You were on level 2 of the Dungeon.
You visited 1 branch of the dungeon, and saw 2 of its levels.

You collected 92 gold pieces.

Inventory:

Hand Weapons
 a - a +0 long sword (weapon)
 o - a +0 rapier
Missiles
 d - 3 throwing nets
 e - a javelin
 h - 15 stones (quivered)
Armour
 b - a +0 leather armour (worn)
 c - a +0 helmet (worn)
 k - a +0 buckler (worn)
Jewellery
 l - a ring of see invisible (left hand)
Scrolls
 p - a scroll of fear
Potions
 f - a potion of ambrosia
 i - a potion of heal wounds {unknown}
 q - a potion of lignification


   Skills:
 * Level 2.3 Fighting
 + Level 3.4 Long Blades
 - Level 1.7 Throwing
 - Level 1.0 Armour
 - Level 2.6 Dodging
 - Level 1.0 Stealth
 - Level 1.0 Evocations


You had 2 spell levels left.
You didn't know any spells.
Your spell library contained the following spells:

 Spells                   Type           Power      Damage    Failure   Level
 Ensorcelled Hibernation  Hex/Ice        0%         N/A       71%         2
 Passwall                 Tmut/Erth      0%         N/A       71%         2
 Swiftness                Air            0%         N/A       91%         3


Dungeon Overview and Level Annotations

Branches:
Dungeon (2/15)

Altars:


Innate Abilities, Weirdness & Mutations

You are partially covered in slimy green scales. (AC +2)
Your demonic aura sometimes causes spilled blood to erupt in flames.


Message History

Found a scroll of teleportation.
A gnoll comes into view. It is wielding a +0 halberd.
The gnoll shouts!
A gnoll comes into view. It is wielding a +0 whip.
The gnoll shouts!
You hit the gnoll.
The gnoll is lightly wounded.
The gnoll hits you with a +2 flail of protection.
You hit the gnoll but do no damage.
The gnoll is lightly wounded.
The gnoll barely misses you.
You hit the gnoll but do no damage.
The gnoll is lightly wounded.
The gnoll hits you from afar with a +0 halberd!
The gnoll misses you.
The gnoll hits you from afar with a +0 halberd.
The gnoll barely misses you. The gnoll attacks as you move away!
You block the gnoll's attack. The gnoll closely misses you.
You slash the gnoll!
The gnoll is heavily wounded.
The gnoll closely misses you.
You closely miss the gnoll.
The gnoll is heavily wounded.
The gnoll misses you.
The gnoll hits you with a +2 flail of protection.
* * * LOW HITPOINT WARNING * * *
The gnoll barely misses you.
You hit the gnoll but do no damage.
The gnoll is heavily wounded.
The gnoll closely misses you. You block the gnoll's attack.
The gnoll misses you. The gnoll hits you with a +0 halberd.
* * * LOW HITPOINT WARNING * * *
The gnoll hits you but does no damage. The gnoll closely misses you.
You are confused.
You feel invigorated. The gnoll barely misses you.
The gnoll hits you with a +2 flail of protection.
* * * LOW HITPOINT WARNING * * *
The gnoll hits you with a +0 whip.
You die...

*****#.?...*#.....#######
*,,,*#.....##............
*,,,*#.....##............
*,,,*#.....##............
*,,,*#.....##.....#......
*..,*#.....##.....#......
*...##............#......
*............_...#.......
*#.....g@.....##.#.......
#.....gg.....##.#.......
#............##.#.......
#............##.#.######
**#............##'#.......
*,......................#.
*,..#######.........###.#.
*,..******#####...........
*,,,,,,,,,* #.....#.#.#.


You could see 3 gnolls.

Vanquished Creatures
  A gnoll (D:1)
  A worm (D:2)
  A dart slug (D:2)
  2 ball pythons
  5 bats
  7 endoplasms
  A goblin (D:1)
  A hobgoblin (D:1)
  4 jackals (D:1)
  A quokka (D:2)
  2 frilled lizards (D:1)
  5 kobolds
  2 rats (D:1)
33 creatures vanquished.

Notes
Turn   | Place    | Note
-------+----------+-------------------------------------------
     0 | D:1      | IdlyInterested the Demonspawn Gladiator began the quest for
                  | the Orb.
     0 | D:1      | Reached XP level 1. HP: 16/16 MP: 1/1
   160 | D:1      | Reached skill level 1 in Evocations
   162 | D:1      | Reached skill level 3 in Long Blades
   172 | D:1      | Gained mutation: You are partially covered in slimy green
                  | scales. (AC +2) [demonic ancestry]
   172 | D:1      | Reached XP level 2. HP: 15/22 MP: 2/2
   364 | D:1      | Reached skill level 1 in Stealth
   448 | D:1      | Reached skill level 1 in Armour
   448 | D:1      | Gained mutation: Your demonic aura sometimes causes spilled
                  | blood to erupt in flames. [demonic ancestry]
   448 | D:1      | Reached XP level 3. HP: 25/27 MP: 3/3
  1202 | D:2      | Found a faded altar of an unknown god.
  1244 | D:2      | Slain by a gnoll

Illustrated notes

Levels and vault maps discovered:
D:1:      onia_arrival_pyramid, layout_rooms, minmay_misc_feat_cross
D:2:      layout_basic, basic_ecumenical_altar, uniq_crazy_yiuf_cottage,
          uniq_robin, uniq_sigmund

Skill      XL: |  1  2 |
---------------+-------+-----
Evocations     | 1 |  1.0
Long Blades    | 3 |  3.4
Stealth        | 1 |  1.0
Armour         | 1 |  1.0
Fighting       | |  2.3
Throwing       | |  1.7
Dodging        | |  2.6

Action                     || total
---------------------------++-------
  Melee: Long sword        ||   113
  Throw: Stone             ||     3
    Use: Scroll            ||     6
         Potion            ||     1
   Stab: Sleeping          ||     2
 Armour: Leather armour    ||    44
  Dodge: Dodged            ||    85
  Block: Buckler           ||     6

Table legend: (Time is in decaauts)
 A = Elapsed time spent in this place.
 B = Non-inter-level travel time spent in this place.
 C = Inter-level travel time spent in this place.
 D = Time resting spent in this place.
 E = Time spent auto-exploring this place.
 F = Levels seen in this place.
 G = Mean time per level.
                   A        B        C        D        E       F      G
               +--------+--------+--------+--------+--------+-----+--------+
         Total |   1274 |   1173 |    101 |    118 |    632 |   2 |  637.0 |
       Dungeon |   1274 |   1173 |    101 |    118 |    632 |   2 |  637.0 |
               +--------+--------+--------+--------+--------+-----+--------+

Top non-repeatable levels by time:
     D:1: 776 daAuts
     D:2: 497 daAuts
